 Dungeon Crawl Stone Soup version 0.16.1 (webtiles) character file.

364996 inmateoo the Slicer (level 23, -8/153 HPs)
             Began as a Halfling Venom Mage on Mar 23, 2015.
             Was a High Priest of Okawaru.
             Shot with a bolt by a yaktaur (10 damage)
             ... on level 2 of the Depths.
             The game lasted 02:40:51 (66144 turns).

inmateoo the Slicer (Halfling Venom Mage)          Turns: 66144, Time: 02:40:51

Health: -8/153     AC: 22    Str: 15    XL:     23   Next: 58%
Magic:  0/48       EV:  3    Int: 18    God:    Okawaru [*****.]
Gold:   4642       SH:  0    Dex: 26    Spells: 10 memorised, 6 levels left

rFire  . . .     SeeInvis +     A - +9 rapier (freeze)
rCold  + . .     Clarity  .     e - +2 leather armour of Nobility {rPois MP+9 Str+3 Stlth+}
rNeg   + + +     SustAb   .     v - +0 buckler
rPois  ∞         Gourm    .     r - +2 helmet {SInv}
rElec  .         Spirit   +     X - +2 cloak of Lies {MR++}
rCorr  .         Warding  .     Q - +2 pair of gloves {Str+3}
rMut   .         Stasis   .     O - +2 pair of boots {Stlth+}
MR     ++++.                    y - amulet of guardian spirit
Stlth  +++++++++.               b - ring "Konus" {rC+ Int+3}
                                W - ring of Psychosis {Wiz MR+ Dex+3}

@: petrified, heroism, very slightly contaminated, incredibly resistant to
hostile enchantments, incredibly stealthy
A: mutation resistance 1
a: Heroism, Finesse, Renounce Religion
}: 2/15 runes: barnacled, gossamer


You were on level 2 of the Depths.
You worshipped Okawaru.
Okawaru was extremely pleased with you.
You were not hungry.

You visited 9 branches of the dungeon, and saw 47 of its levels.
You also visited: Wizlab.

You collected 4812 gold pieces.
You spent 170 gold pieces at shops.

Inventory:

Hand weapons
 m - the +10 dagger "Judghasm" {freeze, rF+ MR+ Int+2}
   (Okawaru gifted it to you on level 1 of the Spider Nest)

   It has been specially enchanted to freeze those struck by it, causing extra
   injury to most foes and up to half again as much damage against particularly
   susceptible opponents.
   It can also slow down cold-blooded creatures.
   It affects your intelligence (+2).
   It protects you from fire.
   It affects your resistance to hostile enchantments.
 z - the +7 rapier of Coas Mniqy {venom, MR+}
   (You found it on level 7 of the Dungeon)

   It poisons the flesh of those it strikes.
   It affects your resistance to hostile enchantments.
 A - a +9 rapier of freezing (weapon)
 V - a +4 rapier of electrocution
Armour
 e - the +2 leather armour of Nobility (worn) {rPois MP+9 Str+3 Stlth+}
   (You found it on level 3 of the Shoals)

   It affects your strength (+3).
   It protects you from poison.
   It affects your magic capacity (+9).
   It makes you more stealthy.
 r - a +2 helmet of see invisible (worn)
 v - a +0 buckler (worn)
 O - a +2 pair of boots of stealth (worn)
 Q - a +2 pair of gloves of strength (worn)
 X - the +2 cloak of Lies (worn) {MR++}
   (You found it in a wizard's laboratory)

   It affects your resistance to hostile enchantments.
Rods
 S - a +1 rod of shadows (11/11)
   (You found it on level 4 of the Vaults)
Jewellery
 b - the ring "Konus" (right hand) {rC+ Int+3}
   (You found it on level 5 of the Shoals)

   [ring of intelligence]

   It affects your intelligence (+3).
   It protects you from cold.
 d - the ring "Shrufoj" {AC+1 Dex+8}
   (You found it on level 3 of the Spider Nest)

   [ring of protection]

   It affects your AC (+1).
   It affects your dexterity (+8).
 t - an uncursed amulet of regeneration
 y - an amulet of guardian spirit (around neck)
 I - an uncursed amulet of resist corrosion
 K - the ring of Yendor {rN+ Str+5 SInv Stlth+}
   (You found it on level 3 of the Spider Nest)

   [ring of positive energy]

   It affects your strength (+5).
   It protects you from negative energy.
   It enhances your eyesight.
   It makes you more stealthy.
 W - the ring of Psychosis (left hand) {Wiz MR+ Dex+3}
   (You found it on level 8 of the Lair of Beasts)

   [ring of wizardry]

   It improves your spell success rate.
   It affects your dexterity (+3).
   It affects your resistance to hostile enchantments.
Magical devices
 a - a wand of heal wounds (0)
 f - a wand of heal wounds (5)
 i - a wand of fire (8)
 n - a wand of teleportation (7)
 o - a wand of invisibility (6)
 B - a wand of lightning (2)
 C - a wand of hasting (3)
 M - a wand of disintegration (13)
Scrolls
 h - a scroll of identify
 l - a scroll of amnesia
 E - 3 scrolls of fear
 F - 3 scrolls of holy word
 G - 5 scrolls of recharging
 L - 5 scrolls of fog
 N - 16 scrolls of remove curse
 P - 19 scrolls of teleportation
 U - 3 scrolls of blinking
 Z - 4 scrolls of magic mapping
Potions
 g - 9 potions of curing
 k - a potion of might
 p - 6 potions of haste
 s - a potion of invisibility
 u - 10 potions of restore abilities
 w - 6 potions of agility
 x - 5 potions of brilliance
 D - 2 potions of cancellation
 J - 2 potions of heal wounds
 R - 4 potions of magic
Miscellaneous
 H - a fan of gales
Comestibles
 c - 22 bread rations
 Y - 33 fruits


   Skills:
 - Level 12.0(17.0) Fighting
 - Level 12.7(17.7) Short Blades
 - Level 12.0(17.0) Armour
 - Level 12.0(17.0) Dodging
 - Level 12.5(17.5) Stealth
 - Level 12.0(17.0) Shields
 - Level 6.3(11.3) Unarmed Combat
 + Level 11.9 Spellcasting
 - Level 12.0 Hexes
 - Level 8.2 Charms
 + Level 10.1 Transmutations
 - Level 7.8 Air Magic
 - Level 3.6 Poison Magic
 - Level 10.4 Invocations
 - Level 12.0 Evocations


You had 6 spell levels left.
You knew the following spells:

 Your Spells              Type           Power        Failure   Level  Hunger
a - Haste                 Chrm           #####...     17%         6    ######.
b - Cure Poison           Pois           ###.......   1%          2    None
c - Shroud of Golubria    Chrm/Tloc      ####......   1%          2    None
d - Invisibility          Hex            ######..     4%          6    ######.
e - Dragon Form           Trmt           #####.....   58%         7    #######
f - Deflect Missiles      Chrm/Air       #####.....   17%         6    ######.
g - Regeneration          Chrm/Necr      ####......   1%          3    None
h - Song of Slaying       Chrm           #####...     1%          2    None
i - Infusion              Chrm           #####.       1%          1    None
j - Control Teleport      Chrm/Tloc      ####......   6%          4    ##.....


Dungeon Overview and Level Annotations

Branches:
Dungeon (15/15)            Temple (1/1) D:5            Lair (8/8) D:9
 Shoals (5/5) Lair:5       Spider (5/5) Lair:4        Slime (0/6) Lair:8
    Orc (4/4) D:10            Elf (2/3) Orc:3        Vaults (4/5) D:13
  Crypt (0/3) Vaults:2     Depths (3/5) D:15

Altars:
Ashenzari
Cheibriados
Dithmenos
Elyvilon
Fedhas
Gozag
Kikubaaqudgha
Makhleb
Nemelex Xobeh
Okawaru
Qazlal
Ru
Sif Muna
Trog
Vehumet
Xom
Yredelemnul
Zin
The Shining One
Beogh
Jiyva

Shops:
Orc:4 %:[%   Shoals:1 }   Vaults:4 *

Portals:
Hell: Depths:1 Depths:2
Trove: Vaults:1 (give +4 gold dragon armour)

Annotations:
D:3 McCoppin's ghost, average VSCK
D:11 exclusion: 2 doors
D:12 Nessos
Spider:3 Mara
Elf:2 3 runed doors
Vaults:4 BLOAX's ghost, mighty MiHu


Innate Abilities, Weirdness & Mutations

You are small and have problems with some larger weapons.
You are somewhat resistant to further mutation.


Message History

A yaktaur comes into view.
The yaktaur shouts! 2 yaktaurs come into view.
The yaktaur shouts!
The yaktaur wields an arbalest.
The yaktaur shoots a bolt.
The bolt barely misses you.
You repair your equipment.
The yaktaur wields a runed arbalest.
It bursts into flame!
The yaktaur shoots a bolt.
The bolt hits you!!
* * * LOW HITPOINT WARNING * * *
The bolt burns you!
* * * LOW HITPOINT WARNING * * *
The yaktaur shoots a bolt.
The bolt barely misses you.
The yaktaur shoots a bolt.
The bolt hits you!
* * * LOW HITPOINT WARNING * * *
The bolt burns you.
The yaktaur shoots a bolt.
The bolt hits you!!
* * * LOW HITPOINT WARNING * * *
The yaktaur shoots a bolt.
The bolt hits you but does no damage.
The yaktaur shoots a bolt.
The bolt hits you!!
You die...

#PP..†..#......###
#.....)##........####
#P.P..P##..c........#
#.).#.###..cc.......#
#####.Y#####........#..##
#PP.....#...............#
#PP..(..#....)....#.....##
#......##............_...#
#P.P.(P##......@.........#
#.....###................#
##..(####..≈....(.........#
....##...<)≈≈≈..(........##
....##...[.≈≈≈.....##...####
.....#(...≈≈≈≈.≈...#.....#.#
P...##....≈≈≈≈!≈.≈.......#.##
....##....≈≈≈≈.≈.≈.....≈....#
.≈≈..#.....≈≈≈...≈≈....≈....#


You could see 3 yaktaurs.

Vanquished Creatures
  A caustic shrike (Depths:2)
  Mennas (Depths:1)
  Arachne (Spider:2)
  A lich (Vaults:2)
  Polyphemus (Shoals:3)
  4 sphinxes
  3 tentacled starspawn (WizLab)
  An octopode crusher (Depths:2)
  An eldritch tentacle (WizLab)
  Rupert (Lair:5)
  Frances (Spider:4)
  A revenant (Vaults:2)
  Ilsuiw (Shoals:5)
  10 vault wardens
  A frost giant (Depths:1)
  3 ghost moths (Spider:5)
  2 fire giants
  An orc warlord (Orc:1)
  Aizul (Shoals:4)
  Louise (Shoals:4)
  A deep elf sorcerer (Elf:1)
  7 emperor scorpions (Spider:5)
  11 ironheart preservers
  The ghost of inmateoo the Martial Artist, a powerful OpTm of Cheibriados (D:15)
  A war gargoyle (Vaults:1)
  2 very ugly things (Depths:2)
  10 stone giants
  2 rakshasas (Depths:2)
  2 deep elf annihilators
  2 pale draconians (WizLab)
  A deep elf demonologist (Elf:1)
  Azrael (Spider:2)
  4 dire elephants
  6 ettins
  11 vault guards
  Snorg (Lair:6)
  2 minotaurs (Depths:2)
  13 merfolk impalers
  4 merfolk javelineers
  7 great orbs of eyes
  A blizzard demon (WizLab)
  10 yaktaur captains
  3 fire dragons
  7 ice dragons
  Harold (Lair:4)
  2 deep troll earth magi (Vaults:2)
  5 hydras
  11 ogre magi
  A ghost crab (shapeshifter) (Vaults:2)
  A merfolk avatar (Shoals:5)
  Erica (Lair:2)
  An alligator snapping turtle (Shoals:5)
  A catoblepas (Shoals:3)
  5 centaur warriors
  An anaconda (Depths:2)
  2 dancing weapons (Elf:2)
  3 merfolk aquamancers
  A tengu warrior (Lair:5)
  2 deep troll shamans (Vaults:2)
  18 death yaks
  2 thrashing horrors (WizLab)
  Nergalle (Lair:6)
  3 shadow wraiths
  7 deep elf knights
  A sun demon (WizLab)
  3 unseen horrors
  9 wizards
  13 sea snakes
  8 skeletal warriors
  6 deep trolls
  15 deep elf summoners
  2 giant orange brains
  30 harpies
  14 hill giants
  An obsidian statue (WizLab)
  12 ironbrand convokers
  7 orc knights
  A lindwurm (Depths:2)
  9 orc sorcerers
  5 deep elf conjurers
  7 manticores
  An orb spider (shapeshifter) (D:15)
  14 orb spiders
  An oklob plant (Lair:8)
  11 fauns
  A mana viper (WizLab)
  8 hornets
  4 water nymphs
  3 necromancers
  A draconian (shapeshifter) (Vaults:1)
  29 wolf spiders
  12 griffons
  19 elephants
  34 ugly things
  A sixfirhy (Orc:4)
  4 cyclopes
  3 black mambas
  14 sirens
  Maurice (Orc:3)
  2 gargoyles (D:13)
  13 vault sentinels
  3 torpor snails
  A worldbinder (WizLab)
  22 spiny frogs
  A guardian serpent (shapeshifter) (Depths:1)
  2 rust devils (Depths:1)
  A moth of wrath (Spider:4)
  A spiny frog (shapeshifter) (D:13)
  3 centaur skeletons
  A demonspawn skeleton (WizLab)
  6 kobold demonologists
  2 tengu conjurers
  4 komodo dragons
  41 yaktaurs
  3 fire drakes
  A death yak skeleton (Depths:1)
  7 wind drakes
  34 jumping spiders
  3 spriggan druids
  10 freezing wraiths
  33 merfolk
  13 two-headed ogres
  19 demonic crawlers
  8 trolls
  8 deep elf priests
  3 polar bears
  2 giant leeches (Lair:8)
  33 blink frogs
  A two-headed ogre (shapeshifter) (Vaults:1)
  25 slime creatures
  6 ravens
  A small abomination (WizLab)
  2 spriggans (Depths:2)
  7 boulder beetles
  2 basilisks
  14 snapping turtles
  15 water elementals
  5 wyverns
  13 trapdoor spiders
  60 yaks
  55 redbacks
  A spriggan skeleton (Depths:1)
  2 ettin skeletons (Depths:1)
  25 deep elf magi
  3 hungry ghosts
  2 fire elementals
  30 tarantellas
  20 humans
  5 wraiths
  16 hippogriffs
  Grum (Orc:1)
  A yaktaur simulacrum (Vaults:4)
  24 deep elf fighters
  9 wargs
  4 vampires
  7 vampire mosquitoes (Lair:8)
  4 mottled dragons
  Edmund (D:4)
  9 swamp worms (Lair:8)
  16 porcupines
  An insubstantial wisp (WizLab)
  3 spatial vortices (WizLab)
  17 wolves
  10 wasps
  13 water moccasins
  4 hell hounds
  2 black bears (shapeshifter)
  30 orc warriors
  36 ogres
  2 eyes of draining
  3 phantoms
  A deep troll simulacrum (Depths:1)
  6 ice beasts
  33 spiders
  A black bear (D:8)
  A dwarf (shapeshifter) (Vaults:2)
  18 crocodiles
  A necrophage (D:14)
  13 boggarts
  A boring beetle (Spider:1)
  18 centaurs
  6 sky beasts
  Duvessa (Orc:1)
  3 big kobolds
  2 brain worms
  28 giant frogs
  13 killer bees
  A wyvern skeleton (D:14)
  An elf zombie (Vaults:4)
  A raiju skeleton (WizLab)
  8 scorpions
  5 wights
  2 centaur zombies
  11 electric eels
  A giant frog zombie (D:11)
  6 crimson imps
  9 hounds
  A wasp zombie (D:9)
  Dowan (Orc:1)
  5 human zombies
  2 wyvern simulacra (D:14)
  A giant frog skeleton (D:7)
  4 goliath beetles
  2 iron imps
  15 orc priests
  5 jellies
  18 hell rats
  53 orc wizards
  6 iguanas
  12 worker ants
  21 sheep
  A hound zombie (D:10)
  4 mummies
  A worker ant zombie (D:10)
  8 gnolls
  27 adders
  40 river rats
  2 giant mites
  A shadow imp (D:11)
  14 white imps
  7 worms
  5 ufetubi
  3 adder skeletons
  3 giant geckos
  3 oozes
  185 orcs
  3 ball pythons
  19 bats
  2 bat zombies
  3 giant cockroaches
  19 hobgoblins
  13 jackals
  23 kobolds
  A giant gecko skeleton (D:5)
  6 giant newts
  A giant spore (D:13)
  17 goblins
  5 orc zombies (Orc:4)
  13 quokkas
  16 rats
  5 ballistomycetes
  2 crawling corpses (Elf:2)
  A fungus (Lair:8)
2097 creatures vanquished.

Vanquished Creatures (collateral kills)
  A wyvern (Depths:1)
1 creature vanquished.

Vanquished Creatures (others)
  Nikola (Spider:5)
  A vault warden (Vaults:4)
  A rakshasa (Vaults:2)
  An ogre mage (Vaults:1)
  A necromancer (D:13)
  A yaktaur (Depths:2)
  2 two-headed ogres
  A deep elf mage (Elf:1)
  A raven (Depths:1)
  A yak (D:14)
  A wolf (Lair:8)
  A spider (Spider:1)
  2 ogres
  An ice beast (Elf:2)
  2 human zombies (D:13)
  An orc wizard (Orc:4)
  3 orcs (Orc:4)
  A quokka (D:15)
  A bat (D:14)
  A giant spore (D:7)
  A lurking horror (WizLab)
  A bush (Depths:2)
  4663 eldritch tentacle segments (WizLab)
  16 fungi
  37 plants
  8 starspawn tentacles (WizLab)
4751 creatures vanquished.

Grand Total: 6849 creatures vanquished

Notes
Turn   | Place    | Note
--------------------------------------------------------------
     0 | D:1      | inmateoo, the Halfling Venom Mage, began the quest for the Orb.
     0 | D:1      | Reached XP level 1. HP: 11/11 MP: 2/2
   362 | D:1      | Reached XP level 2. HP: 17/17 MP: 0/3
   704 | D:1      | Reached skill level 1 in Short Blades
   708 | D:1      | Reached XP level 3. HP: 19/21 MP: 3/5
  1207 | D:2      | Reached XP level 4. HP: 22/27 MP: 3/6
  1471 | D:2      | Reached skill level 1 in Fighting
  1481 | D:2      | Found a snail-covered altar of Cheibriados.
  1599 | D:2      | Reached XP level 5. HP: 28/33 MP: 4/7
  1953 | D:3      | Found an ancient bone altar of Kikubaaqudgha.
  2205 | D:3      | Reached skill level 4 in Stealth
  2239 | D:3      | Found a glowing silver altar of Zin.
  2263 | D:3      | Found a basalt altar of Yredelemnul.
  2415 | D:3      | Noticed McCoppin's ghost (average VSCK)
  2798 | D:4      | Reached XP level 6. HP: 39/39 MP: 6/9
  2881 | D:4      | Found a shimmering altar of Xom.
  3029 | D:4      | Learned a level 2 spell: Cure Poison
  3206 | D:4      | Noticed a phantom
  3827 | D:5      | Entered Level 5 of the Dungeon
  3890 | D:5      | Reached skill level 1 in Shields
  3896 | D:5      | Reached skill level 5 in Stealth
  3896 | D:5      | Reached XP level 7. HP: 8/45 MP: 10/10
  3935 | D:5      | Learned a level 3 spell: Mephitic Cloud
  4142 | D:5      | Found a shattered altar of Ashenzari.
  4286 | D:5      | Noticed a hungry ghost
  4322 | D:5      | Found a staircase to the Ecumenical Temple.
  4329 | Temple   | Entered the Ecumenical Temple
  4424 | Temple   | Killed a hungry ghost
  4424 | Temple   | Reached skill level 5 in Short Blades
  4897 | D:6      | Found a shadowy altar of Dithmenos.
  5339 | D:6      | Reached skill level 6 in Stealth
  5339 | D:6      | Reached XP level 8. HP: 34/51 MP: 8/11
  5651 | D:6      | Found an opulent altar of Gozag.
  5767 | D:6      | You fall through a shaft!
  5805 | D:7      | Identified a +0 rod of ignition (11/11) (You found it on level 7 of the Dungeon)
  5838 | D:7      | Got a polished rapier
  5850 | D:7      | Identified the +7 rapier of Coas Mniqy {venom, MR+} (You found it on level 7 of the Dungeon)
  5856 | D:7      | Reached skill level 1 in Evocations
  6364 | D:6      | Found a deep blue altar of Sif Muna.
  6449 | D:6      | Reached skill level 7 in Stealth
  6755 | D:7      | Reached XP level 9. HP: 33/57 MP: 7/13
  7349 | D:4      | Noticed Edmund
  7353 | D:4      | Killed Edmund
  7617 | D:4      | Killed a phantom
  7728 | D:7      | Found a glowing golden altar of the Shining One.
  7964 | D:7      | Reached skill level 8 in Stealth
  8211 | D:8      | Reached skill level 5 in Dodging
  8411 | D:8      | Found a burning altar of Makhleb.
  8611 | D:8      | Found an iron altar of Okawaru.
  8620 | D:8      | Became a worshipper of Warmaster Okawaru
  8658 | D:8      | Reached XP level 10. HP: 56/65 MP: 16/18
  8712 | D:8      | Reached skill level 5 in Evocations
  8981 | D:9      | Found a staircase to the Lair.
  8992 | D:9      | Acquired Okawaru's first power
  9032 | D:9      | Reached skill level 9 in Stealth
  9168 | D:9      | Found a sacrificial altar of Ru.
  9203 | D:9      | Found a stormy altar of Qazlal.
  9628 | D:10     | Entered Level 10 of the Dungeon
  9704 | D:10     | Killed an unseen horror
  9704 | D:10     | Reached skill level 1 in Invocations
 10059 | D:10     | Noticed a hill giant
 10067 | D:10     | Killed a hill giant
 10067 | D:10     | Reached skill level 5 in Fighting
 10067 | D:10     | Reached skill level 5 in Shields
 10132 | D:10     | Found a staircase to the Orcish Mines.
 10417 | D:10     | Noticed a hill giant
 10428 | D:10     | Killed a hill giant
 10428 | D:10     | Reached XP level 11. HP: 71/71 MP: 20/20
 10825 | D:10     | Learned a level 6 spell: Invisibility
 10913 | D:11     | Reached skill level 10 in Short Blades
 11259 | D:11     | Reached skill level 1 in Hexes
 11263 | D:11     | Noticed a hill giant
 11277 | D:11     | Killed a hill giant
 11277 | D:11     | Reached skill level 10 in Stealth
 11507 | D:11     | Noticed a hill giant
 11520 | D:11     | Killed a hill giant
 11537 | D:11     | Noticed a hill giant
 11544 | D:11     | Killed a hill giant
 11602 | D:11     | Noticed a green ugly thing
 11624 | D:11     | Killed a green ugly thing
 11787 | D:11     | Noticed a hill giant
 11789 | D:11     | Killed a hill giant
 11815 | D:11     | Acquired Okawaru's second power
 11828 | D:11     | Noticed a purple ugly thing
 11844 | D:11     | Killed a purple ugly thing
 11848 | D:11     | Gained mutation: You have a pair of small antennae on your head. [mutagenic meat]
 12213 | D:12     | Noticed a hill giant
 12215 | D:12     | Killed a hill giant
 12471 | D:12     | Reached skill level 11 in Short Blades
 12471 | D:12     | Reached XP level 12. HP: 78/78 MP: 23/23
 12477 | D:12     | Received a gift from Okawaru
 12631 | D:12     | Noticed a manticore
 12659 | D:12     | Killed a manticore
 12846 | D:12     | Noticed Nessos
 12853 | D:12     | Noticed a hill giant
 13251 | D:12     | Killed a hill giant
 14009 | D:13     | Gained mutation: You occasionally shout uncontrollably at your foes. [mutagenic meat]
 14045 | D:13     | Received a gift from Okawaru
 14263 | D:12     | Lost mutation: You have a pair of small antennae on your head. [potion of cure mutation]
 14263 | D:12     | Lost mutation: You occasionally shout uncontrollably at your foes. [potion of cure mutation]
 14762 | D:13     | Noticed a sun demon
 14918 | D:13     | Reached XP level 13. HP: 77/84 MP: 25/25
 14970 | D:13     | Reached skill level 12 in Short Blades
 15065 | D:13     | Reached skill level 5 in Invocations
 15226 | D:13     | Noticed a vault guard
 15376 | Lair:1   | Entered Level 1 of the Lair of Beasts
 15991 | Lair:1   | Learned a level 7 spell: Dragon Form
 16591 | Lair:2   | Noticed Erica
 16611 | Lair:2   | Killed Erica
 17320 | Lair:3   | Received a gift from Okawaru
 17627 | Lair:3   | Reached skill level 5 in Hexes
 17894 | Lair:3   | Reached XP level 14. HP: 92/92 MP: 26/26
 18830 | Lair:4   | Found a hole to the Spider Nest.
 18857 | Lair:4   | Noticed Harold
 18867 | Lair:4   | Killed Harold
 18924 | Lair:4   | Reached skill level 1 in Transmutations
 19582 | Lair:5   | Found a staircase to the Shoals.
 20036 | Lair:5   | Noticed Rupert
 20048 | Lair:5   | Killed Rupert
 20162 | Lair:5   | Received a gift from Okawaru
 20486 | Lair:6   | Noticed Nergalle
 20494 | Lair:6   | Killed Nergalle
 20625 | Lair:6   | Noticed Snorg
 20637 | Lair:6   | Killed Snorg
 21528 | Lair:7   | Reached skill level 5 in Spellcasting
 21613 | Lair:7   | Received a gift from Okawaru
 21730 | Lair:7   | Got a twisted plate armour
 21880 | Lair:7   | Identified the cursed -4 plate armour "Sapabo" {rF- rC+ MR+ rCorr Str+2} (You found it on level 7 of the Lair of Beasts)
 22349 | Lair:7   | Reached XP level 15. HP: 99/99 MP: 27/27
 23200 | Lair:8   | Entered Level 8 of the Lair of Beasts
 23259 | Lair:7   | Received a gift from Okawaru
 23260 | Lair:7   | Got a scorched ring mail {god gift}
 23294 | Lair:7   | Reached skill level 1 in Armour
 23614 | Lair:7   | Identified the +1 ring mail "Chanoe" {MR+} (Okawaru gifted it to you on level 7 of the Lair of Beasts)
 23834 | Lair:8   | Got a sparkling tin ring
 23835 | Lair:8   | Identified the ring of Psychosis {Wiz MR+ Dex+3} (You found it on level 8 of the Lair of Beasts)
 25142 | Lair:8   | Reached skill level 10 in Dodging
 26095 | Lair:8   | Reached XP level 16. HP: 98/108 MP: 28/28
 26133 | Lair:8   | Found a viscous altar of Jiyva.
 26137 | Lair:8   | Found a staircase to the Slime Pits.
 26890 | D:13     | Killed a vault guard
 26958 | D:13     | Noticed a vault guard
 26963 | D:13     | Killed a vault guard
 26963 | D:13     | Reached skill level 10 in Shields
 26969 | D:13     | Noticed a vault guard
 27070 | D:13     | Killed a vault guard
 27253 | D:13     | Found a gate to the Vaults.
 27446 | D:13     | Received a gift from Okawaru
 29212 | D:14     | Found a bloodstained altar of Trog.
 29426 | D:15     | Entered Level 15 of the Dungeon
 29442 | D:15     | Reached skill level 5 in Armour
 29748 | D:15     | Found a white marble altar of Elyvilon.
 30012 | D:15     | Found a staircase to the Depths.
 30239 | D:15     | Noticed inmateoo's ghost (powerful OpTm)
 30283 | D:15     | Killed inmateoo's ghost
 30601 | Orc:1    | Entered Level 1 of the Orcish Mines
 30733 | Orc:1    | Noticed Dowan
 30734 | Orc:1    | Noticed Duvessa
 30739 | Orc:1    | Killed Dowan
 30749 | Orc:1    | Killed Duvessa
 31634 | Orc:1    | Noticed Grum
 31665 | Orc:1    | Killed Grum
 32094 | Orc:3    | Noticed Maurice
 32100 | Orc:3    | Killed Maurice
 32115 | Orc:3    | Found a staircase to the Elven Halls.
 32340 | Orc:4    | Entered Level 4 of the Orcish Mines
 32889 | Orc:4    | Found Biecsoa's Food Shop.
 32889 | Orc:4    | Found Rona's Armour Emporium.
 32993 | Orc:4    | Found a roughly hewn altar of Beogh.
 33022 | Orc:4    | Found Nioshrick's Book Shop.
 33054 | Orc:4    | Found Oppostak's Food Emporium.
 33321 | Orc:4    | Learned a level 6 spell: Deflect Missiles
 33388 | Elf:1    | Entered Level 1 of the Elven Halls
 33419 | Elf:1    | Upgraded the game from 0.16.0-18-g484a79e to 0.16.1
 33451 | Elf:1    | Reached XP level 17. HP: 114/114 MP: 30/30
 33616 | Elf:1    | Reached skill level 10 in Invocations
 33739 | Elf:1    | Identified the Grimoire of the Wolf
 34639 | Elf:1    | Reached skill level 10 in Fighting
 34663 | Elf:1    | Reached skill level 5 in Transmutations
 35079 | Elf:2    | Received a gift from Okawaru
 35273 | Elf:2    | Received a gift from Okawaru
 35832 | Elf:2    | Found a runed gate.
 35833 | Elf:2    | Found a runed gate.
 35834 | Elf:2    | Found a runed gate.
 36172 | Shoals:1 | Entered Level 1 of the Shoals
 36393 | Shoals:1 | Found Tomopo's Gadget Shop.
 37755 | Shoals:2 | Reached XP level 18. HP: 98/122 MP: 26/32
 38184 | Shoals:3 | Noticed Polyphemus
 38194 | Shoals:3 | Killed Polyphemus
 38216 | Shoals:3 | Got a warped leather armour
 38217 | Shoals:3 | Identified the +2 leather armour of Nobility {rPois MP+9 Str+3 Stlth+} (You found it on level 3 of the Shoals)
 38275 | Shoals:3 | Learned a level 6 spell: Haste
 38609 | Shoals:3 | Received a gift from Okawaru
 39372 | Shoals:4 | Noticed Louise
 39391 | Shoals:4 | Killed Louise
 39397 | Shoals:4 | Noticed Aizul
 39449 | Shoals:4 | Killed Aizul
 39930 | Shoals:5 | Entered Level 5 of the Shoals
 39930 | Shoals:5 | Noticed Ilsuiw
 39940 | Shoals:5 | Killed Ilsuiw
 40770 | Shoals:5 | Got a barnacled rune of Zot
 40887 | Shoals:5 | Reached skill level 10 in Evocations
 41784 | Shoals:5 | Learned a level 3 spell: Regeneration
 41951 | Shoals:5 | Got a clouded glass ring
 41952 | Shoals:5 | Identified the ring "Konus" {rC+ Int+3} (You found it on level 5 of the Shoals)
 42083 | Shoals:5 | Reached XP level 19. HP: 127/127 MP: 33/33
 42931 | Shoals:2 | Reached skill level 10 in Hexes
 43451 | Spider:1 | Entered Level 1 of the Spider Nest
 43959 | Spider:1 | Received a gift from Okawaru
 43962 | Spider:1 | Got a pitted dagger {god gift}
 43963 | Spider:1 | Identified the +10 dagger "Judghasm" {freeze, rF+ MR+ Int+2} (Okawaru gifted it to you on level 1 of the Spider Nest)
 45120 | Spider:2 | Noticed Arachne
 45132 | Spider:2 | Killed Arachne
 45152 | Spider:2 | Learned a level 2 spell: Shroud of Golubria
 45155 | Spider:2 | Learned a level 2 spell: Song of Slaying
 45181 | Spider:2 | Received a gift from Okawaru
 45338 | Spider:2 | Noticed Azrael
 45496 | Spider:2 | Killed Azrael
 46080 | Spider:3 | Got a crude platinum ring
 46081 | Spider:3 | Identified the ring "Shrufoj" {AC+1 Dex+8} (You found it on level 3 of the Spider Nest)
 46099 | Spider:3 | Noticed Mara
 46153 | Spider:3 | Noticed inmateoo's illusion
 46162 | Spider:3 | HP: 4/129 [Mara (illusionary)/demon trident of freezing (4)]
 46619 | Spider:3 | Got a vibrating pewter ring
 46622 | Spider:3 | Identified the ring of Yendor {rN+ Str+5 SInv Stlth+} (You found it on level 3 of the Spider Nest)
 47293 | Spider:4 | Noticed Frances
 47311 | Spider:4 | Killed Frances
 47341 | Spider:4 | Reached skill level 10 in Armour
 48138 | Spider:5 | Entered Level 5 of the Spider Nest
 48690 | Spider:5 | Reached XP level 20. HP: 122/136 MP: 34/34
 48827 | Spider:5 | Noticed Nikola
 48948 | Spider:5 | Killed Nikola
 49763 | Spider:5 | Received a gift from Okawaru
 49766 | Spider:5 | Got a translucent dagger {god gift}
 49767 | Spider:5 | Identified the +0 dagger "Croinlae" {freeze, Dex+3} (Okawaru gifted it to you on level 5 of the Spider Nest)
 50067 | Spider:5 | Got a gossamer rune of Zot
 50938 | Vaults:1 | Entered Level 1 of the Vaults
 51280 | Vaults:1 | Found a portal to a secret trove of treasure.
 51965 | Vaults:1 | Received a gift from Okawaru
 52914 | Vaults:1 | Learned a level 1 spell: Infusion
 53247 | Vaults:1 | Reached skill level 1 in Charms
 53693 | Vaults:2 | Reached skill level 1 in Unarmed Combat
 53728 | Vaults:2 | Reached XP level 21. HP: 113/143 MP: 36/36
 54488 | Vaults:2 | Found a staircase to the Crypt.
 54507 | Vaults:2 | Paralysed by a lich for 2 turns
 55442 | Vaults:2 | Reached skill level 10 in Spellcasting
 55465 | Vaults:2 | Received a gift from Okawaru
 57145 | Vaults:3 | Reached skill level 5 in Charms
 57914 | Vaults:3 | Received a gift from Okawaru
 57914 | Vaults:3 | Reached XP level 22. HP: 148/148 MP: 37/37
 58306 | Vaults:4 | Reached skill level 1 in Air Magic
 58347 | Vaults:4 | Found Gerur's Assorted Antiques.
 58354 | Vaults:4 | Bought a potion of heal wounds for 170 gold pieces
 58364 | Vaults:4 | Noticed BLOAX's ghost (mighty MiHu)
 58624 | Vaults:4 | Reached skill level 5 in Unarmed Combat
 58628 | Vaults:4 | Identified a +1 rod of shadows (11/11) (You found it on level 4 of the Vaults)
 59604 | Vaults:4 | Reached skill level 5 in Air Magic
 60468 | Depths:1 | Entered Level 1 of the Depths
 60522 | Depths:1 | Found a gateway to Hell.
 60565 | Depths:1 | Found a magical portal.
 60570 | WizLab   | Entered The Roulette of Golubria
 60572 | WizLab   | Found a corrupted altar of Lugonu.
 60930 | WizLab   | Received a gift from Okawaru
 61014 | WizLab   | Found a corrupted altar of Lugonu.
 61362 | WizLab   | Identified Upomeson's Almanac of Helpful Displacement
 61368 | WizLab   | Learned a level 4 spell: Control Teleport
 61637 | WizLab   | Identified Oxiho's Handbook of Orientation
 61883 | WizLab   | Got a translucent cloak
 61884 | WizLab   | Identified the +0 cloak of Hospitality {rPois rCorr Int-2 Dex+6} (You found it in a wizard's laboratory)
 61888 | WizLab   | Got an ichor-stained cloak
 61889 | WizLab   | Identified the +2 cloak of Lies {MR++} (You found it in a wizard's laboratory)
 62280 | Depths:1 | Found a sparkling altar of Nemelex Xobeh.
 62468 | Depths:1 | Reached XP level 23. HP: 149/153 MP: 38/38
 65057 | Depths:3 | Noticed Mennas
 65136 | Depths:1 | Killed Mennas
 65373 | Depths:2 | Found a white marble altar of Elyvilon.
 65729 | Depths:2 | Noticed a caustic shrike
 65753 | Depths:2 | Reached skill level 10 in Transmutations
 66098 | Depths:2 | Killed a caustic shrike
 66143 | Depths:2 | HP: 2/153 [yaktaur/bolt (11)]
 66144 | Depths:2 | Shot with a bolt by a yaktaur

Action                   |  1- 3 |  4- 6 |  7- 9 | 10-12 | 13-15 | 16-18 | 19-21 | 22-24 || total
-------------------------+-------+-------+-------+-------+-------+-------+-------+-------++-------
Melee: Unarmed           |     9 |       |       |       |       |       |       |       ||     9
       Dagger            |    64 |   244 |    68 |       |       |       |   378 |       ||   754
       Short sword       |       |       |   115 |       |       |       |       |       ||   115
       Rapier            |       |       |   212 |   654 |  1889 |  2743 |  2116 |  1368 ||  8982
 Fire: Hunting sling     |       |    16 |     8 |       |       |       |       |       ||    24
 Cast: Sting             |    29 |    19 |     7 |       |       |       |       |       ||    55
       Cure Poison       |       |       |     3 |     3 |     6 |     9 |     1 |       ||    22
       Invisibility      |       |       |       |       |     1 |       |    26 |    31 ||    58
       Regeneration      |       |       |       |       |       |       |     5 |    15 ||    20
       Shroud of Golubri |       |       |       |       |       |       |     1 |     2 ||     3
       Song of Slaying   |       |       |       |       |       |       |       |     2 ||     2
       Infusion          |       |       |       |       |       |       |       |     1 ||     1
Invok: Heroism           |       |       |       |     6 |    35 |    37 |    15 |    12 ||   105
       Finesse           |       |       |       |     1 |     2 |       |     1 |       ||     4
 Abil: Evoke Invisibilit |       |       |       |       |       |    27 |    22 |       ||    49
Evoke: Rod               |       |       |     1 |       |     2 |    10 |       |     6 ||    19
       Wand              |       |       |       |     1 |     1 |     4 |     4 |    12 ||    22
       Deck              |       |       |       |       |       |       |     4 |       ||     4
  Use: Scroll            |     5 |     8 |     9 |     4 |    15 |    14 |    14 |    18 ||    87
       Potion            |       |     5 |     1 |     4 |     5 |     2 |     6 |     3 ||    26
 Stab: Sleeping          |     2 |    13 |    24 |    28 |    92 |    97 |    83 |    44 ||   383
       Distracted        |       |     3 |     1 |     2 |     6 |    11 |    12 |     4 ||    39
       Invisible         |       |       |     2 |       |     8 |    66 |   181 |    97 ||   354
       Paralysed         |       |       |       |     1 |       |       |       |       ||     1
       Held in net/web   |       |       |       |       |       |       |     1 |       ||     1
  Eat: Chunk             |     2 |     9 |     8 |    29 |    40 |    33 |    27 |    10 ||   158
       Meat ration       |       |       |     3 |       |       |     5 |    10 |     6 ||    24
       Beef jerky        |       |       |     2 |       |     3 |     3 |     1 |     1 ||    10
       Royal jelly       |       |       |       |     1 |       |     1 |     1 |     1 ||     4
       Pizza             |       |       |       |       |       |     7 |       |     3 ||    10
